 Dungeon Crawl Stone Soup version 0.17.1-3-g152610e (webtiles) character file.

312 manyhoops the Magician (level 6, 0/32 HPs)
             Began as a Deep Elf Ice Elementalist on Apr 13, 2016.
             Slain by a wight
             ... wielding a +0 flail
              (7 damage)
             ... on level 3 of the Dungeon.
             The game lasted 00:14:40 (3755 turns).

manyhoops the Magician (Deep Elf Ice Elementalist)  Turns: 3755, Time: 00:14:41

Health: 0/32       AC:  2    Str: 11    XL:     6   Next: 18%
Magic:  20/24      EV: 13    Int: 25    God:
Gold:   138        SH:  0    Dex: 15    Spells: 5 memorised, 1 level left

rFire  . . .     SeeInvis .     f - -3 spear (curse)
rCold  . . .     Clarity  .     a - +0 robe
rNeg   . . .     SustAt   .     (no shield)
rPois  .         Gourm    .     (no helmet)
rElec  .         Spirit   .     (no cloak)
rCorr  .         Warding  .     (no gloves)
rMut   .         Stasis   .     (no boots)
MR     .....                    (no amulet)
Stlth  ++........               o - ring of magical power
                                g - +4 ring of intelligence

@: mighty, not resistant to hostile enchantments, unstealthy
A: no striking features
a: no special abilities


You were on level 3 of the Dungeon.
You were not hungry.

You visited 1 branch of the dungeon, and saw 4 of its levels.
You also visited: Sewer.

You collected 138 gold pieces.

Inventory:

Hand Weapons
 f - a cursed -3 spear (weapon)
 m - a +0 dagger
 s - a +3 dagger of speed
Armour
 a - a +0 robe (worn)
Jewellery
 g - a +4 ring of intelligence (left hand)
 l - an uncursed ring of ice
 o - a ring of magical power (right hand)
 t - an uncursed amulet of clarity {unknown}
Wands
 r - a wand of magic darts (5)
Scrolls
 j - 3 scrolls of teleportation
 q - a scroll of immolation
Potions
 e - a potion of invisibility {unknown}
 h - a potion of degeneration {unknown}
 i - 2 potions of haste
 k - 6 potions of flight
 p - a potion of ambrosia {unknown}
Books
 b - a book of Frost

   Spells                             Type                      Level
   a - Freeze                         Ice                          1
   b - Throw Frost                    Conjuration/Ice              2
   c - Ozocubu's Armour               Charms/Ice                   3
   d - Throw Icicle                   Conjuration/Ice              4
   e - Summon Ice Beast               Ice/Summoning                4
   f - Condensation Shield            Ice                          4
Miscellaneous
 n - a stone of tremors
Comestibles
 c - 3 bread rations


   Skills:
 - Level 0.2 Short Blades
 + Level 0.1 Polearms
 - Level 2.4 Dodging
 - Level 3.2 Stealth
 - Level 5.1 Spellcasting
 + Level 4.3 Conjurations
 - Level 4.7 Ice Magic


You had one spell level left.
You knew the following spells:

 Your Spells              Type           Power        Failure   Level  Hunger
a - Freeze                Ice            ####         1%          1    None
b - Throw Frost           Conj/Ice       ####..       1%          2    None
c - Ozocubu's Armour      Chrm/Ice       ###.....     12%         3    ##.....
d - Condensation Shield   Ice            ####......   12%         4    ####...
e - Throw Icicle          Conj/Ice       ####....     14%         4    ####...


Dungeon Overview and Level Annotations

Branches:
Dungeon (4/15)
 Temple: D:4-7

Altars:
Dithmenos
Elyvilon
Fedhas
Kikubaaqudgha
Makhleb
Ru
Zin


Message History

You feel very mighty all of a sudden.
Attack whom?
Press: ? - help, Dir - move target cursor, f - phantom
Aim: a phantom (lightly damaged)
You closely miss the phantom.
The phantom is lightly damaged.
The phantom hits you!
* * * LOW HITPOINT WARNING * * *
The phantom blinks!
The phantom hits you but does no damage.
Your icy armour starts to melt.
The phantom blinks!
Your icy armour evaporates.
The phantom blinks!
The phantom blinks!
There is a stone staircase leading up here.
There is a stone staircase leading up here.
A phantom is nearby!
You climb upwards.
The wight hits you with a flail!
You die...

#####.###..).................
#.........#####.)...#########
#.######..# #...### #.# #..#
#...# ### #.# ####.# #..## #..
#.####..(.#####.###########.#
##....#.(........(........##.#
#.........###.z#.########.##.#
##._..._...#
#@.#..........##.#
#..........#
#z.(..###.##..##.#
#....8.(...# ##.##.#
#........# #.........##
#.##.###.##..#### ##._..._.##
#.###...###..# #.......#
#.##.....##..# #.#...###
#z...........# #.#..##
###.......#.## #....#
######..........#


You could see 3 wights.

Vanquished Creatures
  An orc wizard (D:3)
  Ijyb (D:2)
  A siren (Sewer)
  An orc priest (D:3)
  A merfolk avatar (Sewer)
  7 adders
  3 river rats (Sewer)
  2 oozes
  A worm (D:2)
  2 giant geckos (Sewer)
  4 orcs
  3 ball pythons
  6 bats
  9 giant cockroaches
  5 goblins
  5 hobgoblins
  4 jackals (D:3)
  7 giant newts
  8 kobolds
  26 rats
97 creatures vanquished.

Notes
Turn   | Place    | Note
--------------------------------------------------------------
     0 | D:1      | manyhoops the Deep Elf Ice Elementalist began the quest for the Orb.
     0 | D:1      | Reached XP level 1. HP: 10/10 MP: 6/6
   247 | D:1      | Reached XP level 2. HP: 10/15 MP: 5/8
   292 | D:1      | Learned a level 2 spell: Throw Frost
   732 | D:2      | Noticed Ijyb
   835 | D:2      | Killed Ijyb
   835 | D:2      | Reached skill level 4 in Spellcasting
   835 | D:2      | Reached XP level 3. HP: 17/19 MP: 0/10
  1198 | D:2      | Reached XP level 4. HP: 17/24 MP: 8/12
  1257 | D:2      | Learned a level 3 spell: Ozocubu's Armour
  1638 | D:3      | Found a glowing drain.
  1647 | Sewer    | Entered a sewer
  2001 | Sewer    | Reached skill level 5 in Spellcasting
  2310 | Sewer    | Reached XP level 5. HP: 25/28 MP: 14/14
  2406 | Sewer    | Noticed a drowned soul
  2409 | Sewer    | Noticed a drowned soul
  2410 | Sewer    | Noticed a drowned soul
  2412 | Sewer    | Noticed a drowned soul
  2413 | Sewer    | Noticed a drowned soul
  2415 | Sewer    | Noticed a drowned soul
  2416 | Sewer    | Noticed a drowned soul
  2650 | D:3      | Learned a level 4 spell: Condensation Shield
  2717 | D:3      | Found a blossoming altar of Fedhas.
  2719 | D:3      | Found a shadowy altar of Dithmenos.
  2719 | D:3      | Found a burning altar of Makhleb.
  2719 | D:3      | Found an ancient bone altar of Kikubaaqudgha.
  2879 | D:3      | Found a sacrificial altar of Ru.
  2908 | D:3      | Found a glowing silver altar of Zin.
  3011 | D:3      | Reached XP level 6. HP: 22/32 MP: 3/15
  3174 | D:3      | Found a white marble altar of Elyvilon.
  3535 | D:4      | Learned a level 4 spell: Throw Icicle
  3755 | D:3      | Slain by a wight

Action                   |  1- 3 |  4- 6 || total
-------------------------+-------+-------++-------
Melee: Unarmed           |     6 |       ||     6
       Dagger            |       |    49 ||    49
       Spear             |       |    13 ||    13
 Cast: Freeze            |    29 |    87 ||   116
       Throw Frost       |     7 |    36 ||    43
       Ozocubu's Armour  |       |     3 ||     3
  Use: Scroll            |     2 |     7 ||     9
       Potion            |       |     4 ||     4
 Stab: Sleeping          |     1 |     2 ||     3
  Eat: Chunk             |       |     7 ||     7
       Bread ration      |       |     1 ||     1
